 Dungeon Sprint DCSS version 0.18-a0-1045-g4e042de (webtiles) character file.

51999 M4edhros the Imperceptible (level 24, -37/173 HPs)
             Began as an Octopode Artificer on Jan 11, 2016.
             Was a High Priest of Fedhas.
             Annihilated by an ettin
             ... wielding a +0 dire flail
              (47 damage)
             ... while paralysed by a giant eyeball
             ... in the Dungeon (Sprint VI: "Thunderdome").
             The game lasted 00:36:09 (4122 turns).

M4edhros the Imperceptible (Octopode Artificer)     Turns: 4122, Time: 00:36:09

Health: -37/173    AC: 15    Str: 30    XL:     24   Next: 99%
Magic:  1/37       EV:  4    Int: 17    God:    Fedhas [*****.]
Gold:   1091       SH:  0    Dex: 30    Spells: 0 memorised, 23 levels left

rFire  x . .     SeeInvis .     y - +8 quick blade (protect)
rCold  + . .     Gourm    .     A - +3 large shield of the Bells {MR+}
rNeg   + + .     Faith    .     w - +1 hat
rPois  +         Spirit   .     r - amulet "Coegg" {+Inv +Fly Regen+ Dex+4}
rElec  +         Dismiss  .     s - ring "Mustishri" {rElec AC+6 Str+4}
rCorr  .         Reflect  .     p - ring of Pahenki {*Confuse rPois rC+ Str+6}
SustAt .         Harm     .     u - ring of Teatysch {+Blink +Fly rPois rF- Str+6}
MR     +++..     NoTele   +     v - ring "Ughital" {rC+ Str+3 Dex+3 Slay+6 Stlth-}
Stlth  ++++++++++               x - ring of Xuufuco {rC- MR+ Int+2 Dex-3} (curse)
                                F - ring "Hunwitsa" {*Drain rN++ Dex+4 Stlth+}
                                (no ring)
                                (no ring)

@: paralysed, extremely resistant to hostile enchantments, uncannily stealthy
A: almost no armour, amphibious, 8 rings, constrict 8, repulsion field 1, slimy
green scales 1, camouflage 1, gelatinous body 1, evolution 1, subdued magic 1
a: Evolution, Sunlight, Growth, Reproduction, Rain, Renounce Religion, Evoke
Blink, Evoke Invisibility, Evoke Flight
}: 4/15 runes: decaying, slimy, elven, gossamer


You were in the Dungeon.
You worshipped Fedhas.
Fedhas was extremely pleased with you.
You were near starving.

You visited 1 branch You collected 11650 gold pieces.
You spent 10559 gold pieces at shops.

Inventory:

Hand Weapons
 a - a +0 short sword
 y - a +8 quick blade of protection (weapon)
 z - a +8 greatsling of chaos
 N - a +0 longbow
Missiles
 I - 61 sling bullets
 K - 200 arrows
 L - 13 arrows of frost
 P - a throwing net (quivered)
Armour
 w - a +1 hat (worn)
 A - the +3 large shield of the Bells (worn) {MR+}
   (You bought it in a shop in the Dungeon)

   It affects your resistance to hostile enchantments.
 E - the +5 shield of Resilience {MR+}
   (You bought it in a shop in the Dungeon)

   It affects your resistance to hostile enchantments.
Rods
 t - a +10 rod of shadows (18/18)
   (Pakellas gifted it to you in the Dungeon)
 M - a +5 rod of destruction (10/10)
   (You found it in the Dungeon)
 Q - a +9 lightning rod (17/17)
   (Pakellas gifted it to you in the Dungeon)
Jewellery
 p - the ring of Pahenki (right tentacle) {*Confuse rPois rC+ Str+6}
   (You bought it in a shop in the Dungeon)

   [ring of strength]

   It affects your strength (+6).
   It protects you from cold.
   It protects you from poison.
   It may confuse you when you take damage.
 r - the amulet "Coegg" (around mantle) {+Inv +Fly Regen+ Dex+4}
   (You bought it in a shop in the Dungeon)

   [amulet of regeneration]

   It affects your dexterity (+4).
   It lets you turn invisible.
   It lets you fly.
   It increases your rate of regeneration.
 s - the ring "Mustishri" (left tentacle) {rElec AC+6 Str+4}
   (You bought it in a shop in the Dungeon)

   [ring of protection]

   It affects your AC (+6).
   It affects your strength (+4).
   It insulates you from electricity.
 u - the ring of Teatysch (on tentacle) {+Blink +Fly rPois rF- Str+6}
   (You bought it in a shop in the Dungeon)

   [ring of flight]

   It affects your strength (+6).
   It makes you vulnerable to fire.
   It protects you from poison.
   It lets you fly.
   It lets you blink.
 v - the ring "Ughital" (on tentacle) {rC+ Str+3 Dex+3 Slay+6 Stlth-}
   (You bought it in a shop in the Dungeon)

   [ring of slaying]

   It affects your strength (+3).
   It affects your dexterity (+3).
   It affects your accuracy and damage with ranged weapons and melee attacks
   (+6).
   It protects you from cold.
   It makes you less stealthy.
 x - the cursed ring of Xuufuco (on tentacle) {rC- MR+ Int+2 Dex-3}
   (You bought it in a shop in the Dungeon)

   [ring of dexterity]

   It affects your intelligence (+2).
   It affects your dexterity (-3).
   It makes you vulnerable to cold.
   It affects your resistance to hostile enchantments.
   It has a curse placed upon it.
 F - the ring "Hunwitsa" (on tentacle) {*Drain rN++ Dex+4 Stlth+}
   (You bought it in a shop in the Dungeon)

   [ring of stealth]

   It affects your dexterity (+4).
   It greatly protects you from negative energy.
   It causes draining when unequipped.
   It makes you more stealthy.
Wands
 b - a wand of flame (14/48)
 c - a wand of enslavement (14/24)
 d - a wand of random effects (6/48)
 m - a wand of cold (13/15)
 n - a wand of fire (7/15)
 q - a wand of disintegration (18/24)
 D - a wand of cold (9/15)
 G - a wand of draining (10/15)
 H - a wand of hasting (6/9)
Scrolls
 k - 4 scrolls of blinking
 o - 3 scrolls of fog
Potions
 e - a potion of curing
 g - 4 potions of heal wounds
 h - 4 potions of haste
 i - 2 potions of magic
 j - a potion of berserk rage
 l - a potion of resistance
Miscellaneous
 f - a box of beasts
 B - a stone of tremors
 C - a disc of storms
 J - a quad damage
 O - a phial of floods
Comestibles
 S - 84 fruits


   Skills:
 - Level 16.6 Fighting
 - Level 12.6 Short Blades
 + Level 19.5 Dodging
 - Level 22.3 Stealth
 + Level 21.6 Shields
 * Level 8.8 Invocations
 + Level 21.9 Evocations


You had 23 spell levels left.
You didn't know any spells.

Dungeon Overview and Level Annotations

Branches:
Dungeon (1/1)

Altars:
Cheibriados
Dithmenos
Fedhas
Gozag
Kikubaaqudgha
Makhleb
Okawaru
Pakellas
Qazlal
Ru
Sif Muna
Trog
Vehumet
Xom
Yredelemnul
Zin
The Shining One
Jiyva
Lugonu

Shops:
D *[%??*?*:[((!!!!


Innate Abilities, Weirdness & Mutations

You cannot wear most types of armour.
You are amphibious.
You can wear up to eight rings at the same time.
You can use your tentacles to constrict eight enemies at once.
Your skin changes colour to match your surroundings (Stealth).
Your rubbery body absorbs attacks (AC +1).
You are surrounded by a mild repulsion field (EV +2).
You are partially covered in slimy green scales (AC +2).
You evolve.
Your spells are a little easier to cast, but a little less powerful.


Message History

An ettin comes into view.
It is wielding a dire flail of crushing and a dire flail.
The ettin shouts in stereo!
You puncture the ettin! You squeeze the ettin!
The ettin is heavily wounded.
You puncture the ettin!
You squeeze the ettin, but do no damage.
The ettin is almost dead.
The giant eyeball gazes at you.
You suddenly lose the ability to move! 50...
The ettin hits you with a dire flail.
The ettin hits you with a dire flail!!! x2
The ettin hits you with a dire flail!! The ettin barely misses you.
The ettin hits you with a dire flail! The ettin hits you with a dire flail!!
* * * LOW HITPOINT WARNING * * *
The ettin hits you with a dire flail!!
* * * LOW HITPOINT WARNING * * *
The ettin hits you with a dire flail!!!
You die...
Fedhas appreciates your contribution to the ecosystem.

#⌠.....[.)...⌠#
####)8..)....(.8.######
___....(.###..[.).___∩##
.)...))8.# #.8......).∩###
.........###.........f.[.##
[..(..###...###..).....).⌠#
§§....# #.<.# #..........⌠#
....).###...###P.........⌠#
.........###...C@........##
.......8.# #.8.CC.....∩###
___......###...|...__∩##
####.8......G..8.######
#⌠[.....CC...⌠#
###[...G....### #_....GG..#
#_..G.....# #_........#


You could see 5 ettins, 5 giant eyeballs and a friendly wandering mushroom.

Vanquished Creatures
  A deep elf elementalist (D)
  the Lernaean hydra (D)
  A great orb of eyes (D)
  Arachne (D)
  A deep elf blademaster (D)
  A titan (D)
  3 fire giants (D)
  3 frost giants (D)
  5 stone giants (D)
  A vampire knight (D)
  A deep elf annihilator (D)
  4 eidola (D)
  A dire elephant (D)
  A deep elf death mage (D)
  2 deep elf high priests (D)
  Josephine (D)
  2 merfolk impalers (D)
  A hydra (D)
  A death knight (D)
  7 centaur warriors (D)
  2 dancing weapons (D)
  A satyr (D)
  3 sea snakes (D)
  A skeletal warrior (D)
  A deep elf archer (D)
  4 phantasmal warriors (D)
  3 hill giants (D)
  2 griffons (D)
  3 deep elf magi (D)
  7 shining eyes (D)
  8 ugly things (D)
  A water nymph (D)
  An eye of devastation (D)
  10 smoke demons (D)
  A siren (D)
  A jumping spider (D)
  A freezing wraith (D)
  2 merfolk (D)
  9 polar bears (D)
  A slime creature (D)
  A flying skull (D)
  2 air elementals (D)
  6 wraiths (D)
  A water elemental (D)
  A basilisk (D)
  3 steam dragons (D)
  3 wolves (D)
  3 insubstantial wisps (D)
  A water moccasin (D)
  A hell hound (D)
  5 ice beasts (D)
  6 sky beasts (D)
  5 centaurs (D)
  2 hounds (D)
  4 jellies (D)
  A lightning spire (D)
  3 adders (D)
  2 ogre simulacra (D)
  A river rat (D)
  3 giant eyeballs (D)
  3 oozes (D)
  2 ball pythons (D)
160 creatures vanquished.

Vanquished Creatures (collateral kills)
  A deep elf blademaster (D)
  A deep elf master archer (D)
  A deep elf sorcerer (D)
  A deep elf demonologist (D)
  2 dire elephants (D)
  A hydra (D)
  5 shining eyes (D)
  A spiny frog (D)
  A komodo dragon (D)
  An air elemental (D)
  A hippogriff (D)
  A river rat (D)
17 creatures vanquished.

Vanquished Creatures (others)
  5 oklob plants (D)
  A wolf spider (D)
  19 toadstools (D)
25 creatures vanquished.

Grand Total: 202 creatures vanquished

Notes
Turn   | Place    | Note
--------------------------------------------------------------
     0 | D        | M4edhros the Octopode Artificer began the quest for the Orb.
     0 | D        | Reached XP level 1. HP: 13/13 MP: 3/3
     0 | D        | Found an opulent altar of Gozag.
     0 | D        | Found a glowing silver altar of Zin.
     4 | D        | Found a deep blue altar of Sif Muna.
     4 | D        | Found a corrupted altar of Lugonu.
     5 | D        | Found an iron altar of Okawaru.
     5 | D        | Found an ancient bone altar of Kikubaaqudgha.
     5 | D        | Round 1.
     6 | D        | Found Septyff's Bee Food.
     6 | D        | Found a snail-covered altar of Cheibriados.
     6 | D        | Found a bloodstained altar of Trog.
     6 | D        | Found Cyhupysasm's Identification Station.
     7 | D        | Found Hihad's Jewellery.
     7 | D        | Found Eqavaysm's Advanced Armour.
    15 | D        | Bought a flickering bronze ring for 45 gold pieces
    15 | D        | Bought a faintly glowing platinum ring for 45 gold pieces
    15 | D        | Bought a translucent crystal amulet for 45 gold pieces
    15 | D        | Bought a crude platinum ring for 45 gold pieces
    15 | D        | Identified the ring "Mustishri" {rElec AC+6 Str+4} (You bought it in a shop in the Dungeon)
    16 | D        | Identified the amulet "Coegg" {+Inv +Fly Regen+ Dex+4} (You bought it in a shop in the Dungeon)
    17 | D        | Identified the ring of Pahenki {*Confuse rPois rC+ Str+6} (You bought it in a shop in the Dungeon)
    18 | D        | Identified the ring "Poateu Vura" {+Fly rPois rC+++ Dex-5 SInv} (You bought it in a shop in the Dungeon)
    24 | D        | Found a glowing golden altar of the Shining One.
    25 | D        | Found a sacrificial altar of Ru.
    26 | D        | Found a stormy altar of Qazlal.
    27 | D        | Found Witsy's Premium Goods.
    28 | D        | Found Istro's Miscellaneous Merchandise.
    28 | D        | Found Itisop's Basic Armour.
    29 | D        | Found Minul's Weapon Rack.
    34 | D        | Found a shadowy altar of Dithmenos.
    35 | D        | Found an oddly glowing altar of Pakellas.
    36 | D        | Found Gippeul's Do-It-Yourself Clinic.
    36 | D        | Found a blossoming altar of Fedhas.
    36 | D        | Found a viscous altar of Jiyva.
    36 | D        | Found a radiant altar of Vehumet.
    36 | D        | Found Gemej's Distillery.
    37 | D        | Found Ganics's Bottled Wisdom.
    37 | D        | Found Cetsoff's Distillery.
    43 | D        | Became a worshipper of Pakellas the Inventive
    50 | D        | Noticed a jelly
    51 | D        | Found a shimmering altar of Xom.
    52 | D        | Found a basalt altar of Yredelemnul.
    53 | D        | Found a burning altar of Makhleb.
    53 | D        | Found Qiczi's Staff Store.
    53 | D        | Found Quol's Magic Scroll Shop.
    54 | D        | Found Saen Mef's Must-Have Magic.
    54 | D        | Found Nuxeqoomm's Magic Scroll Shop.
    58 | D        | Noticed a jelly
    58 | D        | Reached * piety under Pakellas
    58 | D        | Reached XP level 2. HP: 16/18 MP: 4/4
    61 | D        | Reached skill level 4 in Dodging
    61 | D        | Reached skill level 5 in Stealth
    61 | D        | Reached XP level 3. HP: 21/23 MP: 4/6
    67 | D        | Reached skill level 5 in Dodging
    67 | D        | Reached skill level 7 in Stealth
    67 | D        | Reached skill level 5 in Evocations
    67 | D        | Reached XP level 4. HP: 9/28 MP: 4/7
    85 | D        | Reached ** piety under Pakellas
    85 | D        | Received a gift from Pakellas
    91 | D        | Arena points: 14 (+14) [x2]
    91 | D        | Reached skill level 8 in Stealth
   129 | D        | Round 2.
   208 | D        | Reached *** piety under Pakellas
   208 | D        | Reached XP level 5. HP: 33/33 MP: 5/9
   257 | D        | Reached **** piety under Pakellas
   257 | D        | Received a gift from Pakellas
   257 | D        | Arena points: 50 (+36) [x3]
   257 | D        | Reached skill level 9 in Stealth
   274 | D        | Bought a clouded copper ring for 45 gold pieces
   274 | D        | Identified the ring of Teatysch {+Blink +Fly rPois rF- Str+6} (You bought it in a shop in the Dungeon)
   280 | D        | Round 3.
   288 | D        | Noticed a sky beast
   300 | D        | Noticed a steam dragon
   306 | D        | Killed a sky beast
   306 | D        | Reached skill level 10 in Stealth
   306 | D        | Reached XP level 6. HP: 38/38 MP: 6/10
   310 | D        | Gained mutation: You are resistant to hostile enchantments. [mutagenic meat]
   311 | D        | Gained mutation: Scrolls take you a little longer to read. [mutagenic meat]
   312 | D        | Gained mutation: You are surrounded by a mild repulsion field (EV +2). [mutagenic meat]
   313 | D        | Gained mutation: You are frail (-10% HP). [mutagenic meat]
   314 | D        | Gained mutation: Your spells are a little harder to cast, but a little more powerful. [mutagenic meat]
   315 | D        | Gained mutation: One of your tentacles bears a spike. [mutagenic meat]
   326 | D        | Noticed a sky beast
   330 | D        | Killed a steam dragon
   330 | D        | Reached skill level 11 in Stealth
   334 | D        | Noticed a sky beast
   336 | D        | Noticed a sky beast
   344 | D        | Noticed a steam dragon
   356 | D        | Killed a sky beast
   356 | D        | Reached XP level 7. HP: 23/42 MP: 6/12
   357 | D        | Killed a steam dragon
   357 | D        | Reached ***** piety under Pakellas
   357 | D        | Reached skill level 10 in Dodging
   357 | D        | Reached skill level 12 in Stealth
   363 | D        | Arena points: 134 (+84) [x4]
   363 | D        | Reached skill level 5 in Fighting
   372 | D        | Gained mutation: You are weak. (Str -2) [mutagenic meat]
   373 | D        | Gained mutation: You are highly resistant to hostile enchantments. [mutagenic meat]
   374 | D        | Lost mutation: Your spells are a little harder to cast, but a little more powerful. [mutagenic meat]
   376 | D        | Lost mutation: Scrolls take you a little longer to read. [mutagenic meat]
   377 | D        | Lost mutation: You are frail (-10% HP). [mutagenic meat]
   378 | D        | Gained mutation: You are frail (-10% HP). [mutagenic meat]
   386 | D        | Round 4.
   393 | D        | Noticed a wolf
   398 | D        | Bought a pitted jade ring for 45 gold pieces
   398 | D        | Bought a sparkling bone ring for 45 gold pieces
   398 | D        | Bought a sparkling golden ring for 45 gold pieces
   398 | D        | Identified the ring "Ughital" {rC+ Str+3 Dex+3 Slay+6 Stlth-} (You bought it in a shop in the Dungeon)
   399 | D        | Identified the ring of Qazlal's Regard {+Fly rF+ Str+2 Dex-5 SInv} (You bought it in a shop in the Dungeon)
   402 | D        | Identified the cursed ring of Xuufuco {rC- MR+ Int+2 Dex-3} (You bought it in a shop in the Dungeon)
   408 | D        | Reached XP level 8. HP: 48/50 MP: 8/14
   421 | D        | Reached skill level 13 in Stealth
   461 | D        | Reached ****** piety under Pakellas
   474 | D        | Identified a +10 rod of shadows (18/18) {god gift} (supercharged by Pakellas)
   481 | D        | Arena points: 274 (+140) [x5]
   509 | D        | Round 5.
   519 | D        | Noticed the 27-headed Lernaean hydra
   529 | D        | Killed the 27-headed Lernaean hydra
   529 | D        | Arena points: 554 (+280) [x7]
   529 | D        | Reached skill level 15 in Dodging
   529 | D        | Reached skill level 16 in Stealth
   529 | D        | Reached XP level 9. HP: 57/63 MP: 8/18
   529 | D        | Reached XP level 10. HP: 61/68 MP: 8/19
   530 | D        | Got a decaying rune of Zot
   554 | D        | Bought a +0 quick blade for 450 gold pieces
   558 | D        | Identified a +10 rod of shadows (18/18) (Pakellas gifted it to you in the Dungeon)
   742 | D        | Round 6.
   757 | D        | Gained mutation: You are partially covered in slimy green scales (AC +2). [mutagenic meat]
   758 | D        | Gained mutation: Your natural rate of healing is unusually fast. [mutagenic meat]
   805 | D        | Reached skill level 10 in Fighting
   909 | D        | Arena points: 986 (+432) [x8]
   927 | D        | Bought a translucent large shield for 332 gold pieces
   932 | D        | Identified the +3 large shield of the Bells {MR+} (You bought it in a shop in the Dungeon)
   933 | D        | Round 7.
   977 | D        | Reached skill level 1 in Shields
   994 | D        | Received a gift from Pakellas
  1061 | D        | Arena points: 1553 (+567) [x9]
  1085 | D        | Bought a fine iron ring for 45 gold pieces
  1085 | D        | Bought a fine ivory ring for 45 gold pieces
  1085 | D        | Bought a vibrating jade ring for 45 gold pieces
  1085 | D        | Bought a heavily runed brass ring for 45 gold pieces
  1085 | D        | Identified the ring "Kufegg" {rElec EV+1 Dex+2} (You bought it in a shop in the Dungeon)
  1088 | D        | Identified the ring of Fragile Peace {SustAt MR+} (You bought it in a shop in the Dungeon)
  1091 | D        | Identified the ring "Uriobil" {SustAt +Fly rC++ Dex-3 Stlth+} (You bought it in a shop in the Dungeon)
  1094 | D        | Identified the ring "Hunwitsa" {*Drain rN++ Dex+4 Stlth+} (You bought it in a shop in the Dungeon)
  1120 | D        | Round 8.
  1153 | D        | Noticed a white ugly thing
  1157 | D        | Noticed a white ugly thing
  1157 | D        | Noticed a red ugly thing
  1164 | D        | Killed a white ugly thing
  1164 | D        | Reached XP level 11. HP: 73/73 MP: 17/20
  1172 | D        | Killed a white ugly thing
  1176 | D        | Killed a white ugly thing
  1176 | D        | Reached skill level 17 in Stealth
  1177 | D        | Reached XP level 12. HP: 27/80 MP: 20/22
  1185 | D        | Gained mutation: You evolve. [mutagenic meat]
  1186 | D        | Lost mutation: One of your tentacles bears a spike. [mutagenic meat]
  1187 | D        | Gained mutation: Your spells are a little easier to cast, but a little less powerful. [mutagenic meat]
  1188 | D        | Lost mutation: Your natural rate of healing is unusually fast. [mutagenic meat]
  1189 | D        | Lost mutation: You are highly resistant to hostile enchantments. [mutagenic meat]
  1284 | D        | Arena points: 2273 (+720) [x10]
  1289 | D        | Gained mutation: Your mind is acute. (Int +2) [mutagenic meat]
  1291 | D        | Lost mutation: Your mind is acute. (Int +2) [mutagenic meat]
  1293 | D        | Gained mutation: Your magical capacity is low (-10% MP). [mutagenic meat]
  1320 | D        | Bought a scroll of brand weapon for 200 gold pieces
  1334 | D        | Round 9.
  1467 | D        | Arena points: 3263 (+990) [x11]
  1467 | D        | Reached skill level 5 in Short Blades
  1483 | D        | Bought 8 scrolls of enchant weapon for 600 gold pieces
  1511 | D        | Round 10.
  1534 | D        | Noticed Arachne
  1544 | D        | Received a gift from Pakellas
  1560 | D        | Killed Arachne
  1560 | D        | Arena points: 4433 (+1170) [x13]
  1560 | D        | Reached skill level 18 in Stealth
  1560 | D        | Reached skill level 10 in Shields
  1560 | D        | Reached skill level 15 in Evocations
  1561 | D        | Got a gossamer rune of Zot
  1569 | D        | Bought 3 potions of heal wounds for 105 gold pieces
  1610 | D        | Bought a transparent hat for 315 gold pieces
  1620 | D        | Identified the +1 hat of the Land of Plenty {-Cast Str+2 Int+3} (You bought it in a shop in the Dungeon)
  1630 | D        | Reached XP level 13. HP: 86/86 MP: 11/21
  1742 | D        | Round 11.
  1753 | D        | Noticed a vampire knight
  1773 | D        | Killed a vampire knight
  1866 | D        | Noticed Josephine
  1874 | D        | Killed Josephine
  1874 | D        | Reached XP level 14. HP: 92/92 MP: 21/23
  1929 | D        | Arena points: 5973 (+1540) [x14]
  1946 | D        | Bought a faintly glowing shield for 332 gold pieces
  1956 | D        | Identified the +5 shield of Resilience {MR+} (You bought it in a shop in the Dungeon)
  1973 | D        | Round 12.
  1997 | D        | Gained mutation: Your flesh is heat resistant. [a shining eye]
  2003 | D        | Gained mutation: Your body sometimes deteriorates upon taking damage. [a shining eye]
  2037 | D        | Gained mutation: Scrolls take you a little longer to read. [a shining eye]
  2079 | D        | Gained mutation: You are very weak. (Str -4) [a shining eye]
  2082 | D        | Lost mutation: Scrolls take you a little longer to read. [a shining eye]
  2083 | D        | Gained mutation: Your magical capacity is very low (-20% MP). [a shining eye]
  2086 | D        | Gained mutation: You expend magic power (3 MP) to strengthen your wands. [a shining eye]
  2107 | D        | Received a gift from Pakellas
  2107 | D        | Arena points: 8313 (+2340) [x15]
  2124 | D        | Bought 3 potions of experience for 900 gold pieces
  2124 | D        | Reached XP level 15. HP: 98/98 MP: 20/21
  2125 | D        | Reached XP level 16. HP: 104/104 MP: 20/22
  2126 | D        | Reached XP level 17. HP: 108/108 MP: 20/23
  2169 | D        | Round 13.
  2175 | D        | Reached skill level 19 in Stealth
  2182 | D        | Reached skill level 15 in Shields
  2187 | D        | Arena points: 11017 (+2704) [x16]
  2196 | D        | Bought 2 potions of experience for 600 gold pieces
  2196 | D        | Reached XP level 18. HP: 105/114 MP: 1/24
  2197 | D        | Reached XP level 19. HP: 110/119 MP: 1/25
  2246 | D        | Round 14.
  2431 | D        | Received a gift from Pakellas
  2462 | D        | Arena points: 13873 (+2856) [x17]
  2471 | D        | Bought a +0 greatsling for 450 gold pieces
  2492 | D        | Round 15.
  2554 | D        | Arena points: 17008 (+3135) [x19]
  2554 | D        | Reached skill level 20 in Stealth
  2555 | D        | Got an elven rune of Zot
  2557 | D        | Reached XP level 20. HP: 120/127 MP: 26/26
  2603 | D        | Bought 8 scrolls of enchant weapon for 600 gold pieces
  2603 | D        | Bought a scroll of brand weapon for 200 gold pieces
  2760 | D        | Round 16.
  2858 | D        | Reached skill level 10 in Short Blades
  2902 | D        | Arena points: 20528 (+3520) [x20]
  2914 | D        | Bought 50 sling bullets for 750 gold pieces
  2922 | D        | Bought a quad damage for 400 gold pieces
  2943 | D        | Round 17.
  3107 | D        | Received a gift from Pakellas
  3124 | D        | Arena points: 25169 (+4641) [x21]
  3136 | D        | Bought 3 potions of experience for 900 gold pieces
  3136 | D        | Reached XP level 21. HP: 133/133 MP: 27/27
  3137 | D        | Reached XP level 22. HP: 137/140 MP: 28/28
  3138 | D        | Reached skill level 15 in Fighting
  3138 | D        | Reached XP level 23. HP: 141/146 MP: 29/29
  3143 | D        | Round 18.
  3273 | D        | Reached skill level 21 in Stealth
  3292 | D        | Arena points: 30317 (+5148) [x22]
  3352 | D        | Round 19.
  3435 | D        | Received a gift from Pakellas
  3506 | D        | Bought 3 scrolls of recharging for 285 gold pieces
  3523 | D        | Fell from the grace of Pakellas
  3523 | D        | Became a worshipper of Fedhas Madash
  3526 | D        | Reached * piety under Fedhas
  3526 | D        | Reached ** piety under Fedhas
  3526 | D        | Reached *** piety under Fedhas
  3540 | D        | Reached skill level 22 in Stealth
  3551 | D        | Arena points: 37309 (+6992) [x23]
  3562 | D        | Reached **** piety under Fedhas
  3607 | D        | Round 20.
  3675 | D        | Arena points: 43809 (+6500) [x25]
  3676 | D        | Got a slimy rune of Zot
  3698 | D        | Bought 100 fruits for 2250 gold pieces
  3883 | D        | Round 21.
  4019 | D        | Reached skill level 5 in Invocations
  4073 | D        | Arena points: 51999 (+8190) [x26]
  4096 | D        | Bought 2 potions of cure mutation for 350 gold pieces
  4096 | D        | Lost mutation: Your magical capacity is very low (-20% MP). [potion of cure mutation]
  4096 | D        | Lost mutation: Your body sometimes deteriorates upon taking damage. [potion of cure mutation]
  4096 | D        | Lost mutation: You expend magic power (3 MP) to strengthen your wands. [potion of cure mutation]
  4096 | D        | Lost mutation: You are resistant to hostile enchantments. [potion of cure mutation]
  4097 | D        | Lost mutation: Your magical capacity is low (-10% MP). [potion of cure mutation]
  4097 | D        | Lost mutation: You are very weak. (Str -4) [potion of cure mutation]
  4097 | D        | Lost mutation: You are weak. (Str -2) [potion of cure mutation]
  4097 | D        | Lost mutation: You are frail (-10% HP). [potion of cure mutation]
  4097 | D        | Lost mutation: Your flesh is heat resistant. [potion of cure mutation]
  4098 | D        | Reached XP level 24. HP: 155/173 MP: 3/37
  4099 | D        | Reached ***** piety under Fedhas
  4100 | D        | Round 22.
  4120 | D        | Paralysed by a giant eyeball for 3 turns
  4122 | D        | Annihilated by an ettin

Vault maps used:
D:        arena_sprint

Action                   |  1- 3 |  4- 6 |  7- 9 | 10-12 | 13-15 | 16-18 | 19-21 | 22-24 || total
-------------------------+-------+-------+-------+-------+-------+-------+-------+-------++-------
Melee: Short sword       |     6 |    28 |    13 |       |       |       |       |       ||    47
       Quick blade       |       |       |       |   181 |    80 |     4 |   185 |   261 ||   711
Invok: Quick Charge      |       |       |     1 |     3 |       |       |       |     2 ||     6
       Device Surge      |       |       |     1 |       |       |     3 |       |       ||     4
       Supercharge       |       |       |     1 |       |       |       |       |       ||     1
       Evolution         |       |       |       |       |       |       |       |     9 ||     9
       Growth            |       |       |       |       |       |       |       |     1 ||     1
Evoke: Wand              |     2 |    12 |     8 |     4 |       |     4 |       |       ||    30
       Rod               |       |       |       |       |     6 |     3 |       |       ||     9
  Use: Potion            |       |     1 |       |     4 |     2 |     3 |     3 |     4 ||    17
       Scroll            |       |       |       |     9 |       |       |     9 |     3 ||    21
 Stab: Distracted        |       |       |     1 |     1 |     1 |       |     4 |    10 ||    17
  Eat: Chunk             |       |     6 |     7 |    17 |     1 |       |     2 |     2 ||    35
       Bread ration      |       |       |       |       |     1 |       |       |       ||     1
